 Dungeon Crawl Stone Soup version 0.20.1-1-g8b1a95d (webtiles) character file.

84 boomboom the Shield-Bearer (level 4, 0/40 HPs)
             Began as a Hill Orc Fighter on Nov 23, 2017.
             Killed from afar by an orc wizard (3 damage)
             ... with a magic dart
             ... on level 4 of the Dungeon.
             The game lasted 00:13:02 (2366 turns).

boomboom the Shield-Bearer (Hill Orc Fighter)       Turns: 2366, Time: 00:13:02

Health: 0/40       AC: 10    Str: 19    XL:     4   Next: 46%
Magic:  0/4        EV:  4    Int:  8    God:
Gold:   142        SH:  8    Dex: 10    Spells: 3/3 levels left

rFire    + . .     SeeInvis .   a - +1 war axe
rCold    . . .     Gourm    .   c - +0 shield
rNeg     . . .     Faith    .   y - +0 chain mail
rPois    .         Spirit   +   o - +0 helmet
rElec    .         Reflect  .   (no cloak)
rCorr    .         Harm     .   (no gloves)
MR       .....                  (no boots)
Stlth    ..........             x - amulet of guardian spirit
Regen    0.2/turn               e - ring of protection from fire
MPRegen  0.1/turn               (no ring)

@: heavily drained
A: no striking features
a: no special abilities


You were on level 4 of the Dungeon.
You were hungry.

You visited 1 branch of the dungeon, and saw 4 of its levels.

You collected 142 gold pieces.

Inventory:

Hand Weapons
 a - a +1 war axe (weapon)
 d - a +0 trident
 t - a +0 spear
 u - a +1 vampiric dagger
Missiles
 p - 44 bolts
 D - 29 arrows
Armour
 b - a +0 scale mail
 c - a +0 shield (worn)
 j - a +0 scale mail
 m - a +0 chain mail
 o - a +0 helmet (worn)
 y - a +0 chain mail (worn)
 C - a +0 leather armour
Jewellery
 e - a ring of protection from fire (left hand)
 i - an uncursed amulet of harm
 x - an amulet of guardian spirit (around neck)
Scrolls
 g - a scroll of remove curse
 h - 2 scrolls of enchant armour {unknown}
 l - 5 scrolls of identify {unknown}
 s - a scroll of recharging {unknown}
 v - a scroll of teleportation {unknown}
 z - a scroll of fear {unknown}
Potions
 q - a potion of lignification {unknown}
 w - 2 potions of haste {unknown}
Comestibles
 f - 2 bread rations
 k - a meat ration
 n - 6 fruits
 r - 3 royal jellies


   Skills:
 - Level 4.1(2.6) Fighting
 - Level 3.1(1.7) Axes
 + Level 4.1(2.7) Armour
 + Level 0.4(0.0) Dodging
 + Level 4.2(2.8) Shields


You had 3 spell levels left.
You didn't know any spells.

Dungeon Overview and Level Annotations

Branches:
Dungeon (4/15)
 Temple: D:4-7

Altars:
Dithmenos
Qazlal
The Shining One


Message History

You closely miss the iguana. You slash something! Something hits you.
* * * LOW HITPOINT WARNING * * *
The iguana bites you but does no damage.
Something hits you but does no damage.
You hit the iguana.
The iguana is lightly wounded.
You closely miss something. You block the iguana's attack.
You hear some strange, mumbled words.
A puff of flame appears from out of thin air!
The puff of flame hits you! You resist.
* * * LOW HITPOINT WARNING * * *
Your shield prevents you from hitting the iguana.
The iguana is lightly wounded.
You hit something. You block the iguana's attack.
Something hits you but does no damage. The iguana bites you.
* * * LOW HITPOINT WARNING * * *
You hear some strange, mumbled words.
A magic dart appears from out of thin air!
The magic dart hits you!
You die...

#.......# #######.#
#.....#.# #.###.#.#
#..<#.#.# #####.#.#
...#.#.#
.#####.#...########.#..
..............{@l......
######.############.##.
... ..... ######


You could see an iguana.

Vanquished Creatures
  Robin (D:3)
  An adder (D:2)
  A worm (D:3)
  2 dart slugs (D:2)
  3 leopard geckos
  4 orcs (D:4)
  A ball python (D:2)
  2 bats (D:3)
  2 giant cockroaches
  10 goblins
  7 hobgoblins
  3 jackals (D:3)
  3 frilled lizards
  3 kobolds
  A quokka skeleton (D:4)
  3 rats
47 creatures vanquished.

Notes
Turn   | Place    | Note
-------+----------+-------------------------------------------
     0 | D:1      | boomboom the Hill Orc Fighter began the quest for the Orb.
     0 | D:1      | Reached XP level 1. HP: 19/19 MP: 1/1
   477 | D:1      | Reached XP level 2. HP: 27/27 MP: 2/2
   523 | D:2      | Found a shadowy altar of Dithmenos.
   738 | D:2      | Found a stormy altar of Qazlal.
  1108 | D:2      | Found a glowing golden altar of the Shining One.
  1170 | D:2      | Reached XP level 3. HP: 26/33 MP: 3/3
  1941 | D:3      | Noticed Robin
  1951 | D:3      | Reached XP level 4. HP: 34/40 MP: 4/4
  1973 | D:3      | Killed Robin
  2366 | D:4      | Killed from afar by an orc wizard

Skill      XL: |  1  2  3  4 |
---------------+-------------+-----
Axes           | 3 |  3.1
Fighting       | 4 |  4.1
Shields        | 4 |  4.2
Armour         | 4 |  4.1
Dodging        | |  0.4

Action                   |  1- 3 |  4- 6 || total
-------------------------+-------+-------++-------
Melee: War axe           |   128 |    63 ||   191
  Use: Potion            |       |     3 ||     3
       Scroll            |       |     2 ||     2
  Eat: Bread ration      |     1 |       ||     1
Armor: Scale mail        |    16 |       ||    16
       Chain mail        |    65 |    65 ||   130
Dodge: Dodged            |    37 |    16 ||    53
Block: Shield            |    89 |    26 ||   115
